[Event "GrandPrix_30.05"]
[Site "Chess.com"]
[Date "2020.05.30"]
[Round "2"]
[White "DariaVoit"]
[Black "Nodar_Lortkipanidze"]
[Result "1-0"]
[WhiteElo "2342"]
[BlackElo "2514"]
[TimeControl "600+2"]
[EndTime "8:56:10 PDT"]
[Termination "DariaVoit won by resignation"]

1. d4 e6 2. c4 b6 3. e4 Bb7 4.
Bd3 f5 5. exf5 Bb4+ 6. Kf1 Nf6 7. c5 bxc5 8. a3 c4 9. Bxc4 Bd6 10. fxe6 dxe6 11.
Bxe6 Ba6+ 12. Ne2 Ne4 13. Bd5 Nxf2 14. Kxf2 Rf8+ 15. Bf3 Bb7 16. Ng3 Qh4 17. Nc3 Nc6 18.
Re1+ Be7 19. Kg1 O-O-O 20. Be3 Rxf3 21. Qxf3 Nxd4 22. Qf2 Rf8 23. Bxd4 Rxf2 24. Bxf2 Bd6 25. Rad1 Bc6 26. Nce4 Bf4 27. Nd2 Qg5 28. Nf3 Qg6 29. Rd4 Bd6 30. Ne4 Bf4 31. Ng3 Bd6 32. Rc1 Kb7 33.
Nh4 Qg5 34. Re1 Bc5 35. Rc4 Bd6 36. Nf3 Bxf3 37. gxf3 h5 38. h4 Qd5 39. Rc3 Qf7 40.
Ne4 Bf4 41. Rd1 Qg6+ 42. Kf1 Qa6+ 43. Kg2 Qg6+ 44. Ng3 Bd6 45. Rd5 a6 46. Rg5 Qb1 47. Rb3+ Kc6 48. Ne4 Bf4 49. Rxg7 Qa2 50. Rg6+ Kd7 51.
Rd3+ Ke8 52. b4 Qc4 53. Rc3 Qa2 54. Nc5 Kf7 55. Rxa6 Be5 56. Rd3 Bd6 57. Ne4 Be5 58. Rc6 Ke8 59. Nc5 Qg8+ 60. Kf1 Bd6 61. Rcxd6 cxd6 62.
Rxd6 Qc4+ 63. Rd3 Qc1+ 64. Kg2 Qc4 65. Re3+ Kf7 66. Ne4 Kg6 67. Ng5 Qa2 68. Rd3 Qb2 69.
Rd6+ Kf5 70. Ra6 Qe2 71. Ra8 Qc4 72. Rb8 Qc7 73. Rb5+ Kg6 74. a4 Qc4 75. Rb6+ Kf5 76. a5 Qd4 77. Bxd4 Kf4 1-0

[Event "GrandPrix_30.05"]
[Site "Chess.com"]
[Date "2020.05.30"]
[Round "2"]
[White "Gareth-Bale11"]
[Black "TheEternalPatzer"]
[Result "1-0"]
[WhiteElo "2448"]
[BlackElo "2065"]
[TimeControl "600+2"]
[EndTime "8:57:12 PDT"]
[Termination "Gareth-Bale11 won on time"]

1. d4 d5 2. c4 e6 3. Nf3 Nf6 4. Nc3 Bb4 5. Qa4+ Nc6 6. Bg5 h6 7.
Bxf6 Qxf6 8. e3 O-O 9. Rc1 Bd7 10. Qc2 dxc4 11. Bxc4 e5 12. d5 Ne7 13. O-O Bf5 14. Qb3 Bd6 15. Nd2 Qg6 16. Rfe1 e4 17. Qc2 Rfe8 18.
Ndxe4 c6 19. Rcd1 Nxd5 20. Bxd5 cxd5 21. Rxd5 Bb4 22. Nf6+ Qxf6 23. Qxf5 Bxc3 24. bxc3 Qxc3 25. Red1 Qf6 26. Qxf6 gxf6 27. Rd7 b5 28. g3 a5 29. a3 Rab8 30. Kg2 b4 31. axb4 axb4 32. Rb1 Re6 33. Rb3 Rc6 34. Rd4 Rcb6 35. Kf3 Kg7 36. Ke2 f5 37. Kd2 Kg6 38. Kc2 Rc6+ 39. Kb2 Rbc8 40. Rd2 Rc4 41. Rbd3 h5 42. Rd4 h4 43. Rxc4 Rxc4 44.
Rd4 Rc8 45. Rxh4 Rd8 46. Rd4 Rb8 47. Kb3 Kg5 48. h3 Rh8 49. h4+ Kh5 50. Kxb4 Rc8 51. Rc4 Rd8 52. Kc3 Rd1 53. Kc2 Rf1 54. Rf4 Kg6 55. Kd2 Ra1 56. Ke2 Ra2+ 57. Kf3 Ra3 58. Rb4 Rc3 59. Kf4 Rc2 60. f3 Rc5 61. Rb6+ f6 62. Rd6 Rc4+ 63. Rd4 Rc5 64. g4 fxg4 65. fxg4 Rc1 66. Rd6 Rf1+ 67. Kg3 Kf7 68. Rd4 Re1 69. Kf2 Rh1 70. Kg3 Rg1+ 71. Kh2 Re1 72. Re4 Kg6 73. Kg2 Re2+ 74. Kf3 Rh2 75. Kg3 Re2 76. Kf3 Rh2 77.
h5+ Kg5 78. Rf4 Rh3+ 79. Ke4 Rg3 80. h6 1-0

[Event "GrandPrix_30.05"]
[Site "Chess.com"]
[Date "2020.05.30"]
[Round "2"]
[White "Nitzan_Steinberg"]
[Black "VincentKeymer"]
[Result "1/2-1/2"]
[WhiteElo "2400"]
[BlackElo "2720"]
[TimeControl "600+2"]
[EndTime "8:57:20 PDT"]
[Termination "Game drawn by stalemate"]

1. e4 e6 2. d4 d5 3. exd5 exd5 4. Nf3 Bd6 5. c4 Nf6 6. c5 Be7 7. Nc3 O-O 8. Bd3 Bg4 9. h3 Bh5 10. g4 Bg6 11. Bxg6 hxg6 12. Qd3 Nc6 13. Bf4 b6 14. cxb6 axb6 15. O-O Bd6 16. Bg5 Nb4 17. Qb1 c6 18. a3 Na6 19. Ne5 Qc7 20. f4 Rfe8 21. Bh4 b5 22. b4 Qb6 23. Bf2 Nb8 24. Qd3 Qb7 25.
f5 g5 26. Nf3 Nh7 27. Be3 f6 28. Bd2 Nd7 29. Rfe1 Nb6 30. Rxe8+ Rxe8 31. Re1 Rxe1+ 32. Bxe1 Nf8 33. h4 gxh4 34. Bxh4 Qa7 35. Nb1 Nc4 36. g5 Qe7 37. Nbd2 Nd7 38. g6 Ndb6 39. Nb3 Qe3+ 40. Qxe3 Nxe3 41. Na5 Nxf5 42. Nxc6 Nc4 43. Be1 Nxa3 44.
Kf1 Ne7 45. Nxe7+ Bxe7 46. Nh4 Nc2 47. Nf5 Kf8 48. Ke2 Bxb4 49. Bxb4+ Nxb4 50. Nd6 Nc6 51. Nxb5 Ke7 52. Ke3 Kd7 53. Kf3 Ne7 54. Nc3 Kc6 55. Kf4 Nxg6+ 56. Kf5 Nf8 57. Nb1 Kd6 58. Nc3 Ne6 59.
Nb5+ Ke7 60. Kg6 Kf8 61. Nc3 Nc7 62. Na4 Nb5 63. Nb6 Nxd4 64. Nxd5 f5 65. Nf4 Kg8 66. Nd5 Kf8 67. Nf4 Nc6 68. Kxf5 Kf7 69. Kg5 Nd4 70. Nh5 Ne6+ 71. Kg4 g6 72. Nf4 Nxf4 73. Kxf4 Kf6 74. Kg4 g5 75. Kg3 Kg7 76. Kg4 Kg6 77.
Kg3 Kh5 78. Kh3 g4+ 79. Kg3 Kg5 80. Kg2 Kf4 81. Kf2 Ke4 82. Kg3 Kf5 83. Kg2 Kg6 84.
Kg3 Kg5 85. Kg2 Kf4 86. Kf2 g3+ 87. Kg2 Kg4 88. Kg1 Kh3 89. Kh1 Kh4 90. Kg2 Kg4 91.
Kg1 Kf5 92. Kg2 Kf4 93. Kg1 Ke3 94. Kg2 Kf4 95. Kg1 Kf3 96. Kf1 g2+ 97. Kg1 Kg3 1/2-1/2

[Event "GrandPrix_30.05"]
[Site "Chess.com"]
[Date "2020.05.30"]
[Round "2"]
[White "ulkaf961"]
[Black "SavelievAlexei"]
[Result "0-1"]
[WhiteElo "1989"]
[BlackElo "2195"]
[TimeControl "600+2"]
[EndTime "8:57:20 PDT"]
[Termination "SavelievAlexei won on time"]

1. e4 c5 2. Nf3 e6 3. c4 b6 4. Nc3 Bb7 5. d4 cxd4 6. Nxd4 d6 7.
Bd3 Nd7 8. O-O Ne5 9. Bc2 Rc8 10. f4 Nc6 11. Be3 Nf6 12. Ba4 Be7 13. f5 Qd7 14. Nd5 Nxe4 15. fxe6 fxe6 16. Nb4 Bf6 17. Ndxc6 Bxc6 18. Nxc6 Rxc6 19. Qh5+ Ke7 20. Qf3 d5 21. cxd5 exd5 22.
Bxc6 Qxc6 23. Rac1 Qd7 24. Rfd1 Rd8 25. Bf4 Qe6 26.
Qa3+ Kf7 27. Qxa7+ Kg6 28. Qa3 Be7 29. b4 h6 30. Qb3 Qf5 31. Be3 Rd6 32. Rc7 Bf6 33. Rf1 Qg4 34. Qd1 Qe6 35. Qf3 b5 36. Qd1 d4 37. Bf4 Rc6 38. Rxc6 Qxc6 39. Qd3 Kf7 40. Re1 Nc3 41. Bg3 Qc4 42. Qf3 d3 43. Qb7+ Kg6 44.
Qd7 Ne2+ 45. Kh1 Qe4 46. Rd1 Nd4 47. h3 Qe2 48. Qg4+ Qxg4 49. hxg4 Nc2 50. Rxd3 Nxb4 51. Rb3 Nxa2 52. Rxb5 Nc3 53. Rb6 Nd5 54. Rd6 Ne3 55. Be5 Nxg4 56. Bxf6 Nxf6 57. Kh2 Kg5 58. Ra6 Ne4 59.
Ra5+ Kg6 60. Ra6+ Nf6 61. Kg3 Kg5 62. Ra5+ Kg6 63. Kf4 Nh5+ 64. Kg4 Nf6+ 65. Kf4 Nh5+ 66. Ke4 Nf6+ 67. Kf3 Nh5 68. g3 Nf6 69. g4 Nh7 70. Kf4 Ng5 71. Ra6+ Kh7 72. Kf5 Nf3 73. Rd6 Ng5 74. Kf4 Kg8 75. Kf5 Kh7 76. Rd7 Nf3 77. Ke6 Kg6 78. Rd5 Nh2 0-1

[Event "GrandPrix_30.05"]
[Site "Chess.com"]
[Date "2020.05.30"]
[Round "2"]
[White "Gannikus21"]
[Black "Durarbayli"]
[Result "0-1"]
[WhiteElo "2182"]
[BlackElo "2565"]
[TimeControl "600+2"]
[EndTime "8:57:21 PDT"]
[Termination "Durarbayli won by resignation"]

1. e4 c5 2. Nf3 d6 3. d4 cxd4 4. Nxd4 Nf6 5. Nc3 Nc6 6. Bg5 Qb6 7. Nb3 e6 8. Qd2 a6 9. f4 Ng4 10. Bh4 Qe3+ 11. Be2 Be7 12. Bg3 h5 13. O-O-O b5 14.
h3 Qxd2+ 15. Rxd2 Ne3 16. Nxb5 axb5 17. Bxb5 Bd7 18. Re1 h4 19. Bh2 Nxc2 20. Rxc2 Nb4 21. Bxd7+ Kxd7 22. Rd2 Nxa2+ 23. Kb1 Rhb8 24. Re3 Ke8 25.
g4 hxg3 26. Rxg3 Kf8 27. f5 e5 28. Rdg2 Bh4 29. Rd3 Ra6 30. Bxe5 dxe5 31. Nc5 Ra7 32. Nd7+ Rxd7 33. Rxd7 Nc3+ 34. Kc2 Nxe4 35. Rc7 Bd8 36. Rc6 Nf6 37. Kd3 e4+ 38. Kc4 Ba5 39. Ra6 Bb4 40. Ra4 Be1 41. Re2 Rc8+ 42. Kb5 Rc1 43. b4 Rb1 44. Kc4 Ne8 45. Ra8 Rxb4+ 46. Kc5 Rb1 47. Rxe4 Bb4+ 48. Kc6 Rc1+ 49. Kb5 Be7 50.
h4 Rc5+ 51. Kb6 Rxf5 52. Kc6 Rf6+ 53. Kb7 Re6 54. Rxe6 fxe6 55. Kc6 Kf7 56. h5 Nf6 57. Rh8 Bf8 58. Kb5 Ng8 59. Kc4 Be7 60. Kd3 Bg5 61. Ke4 Bh6 62. Kf3 Nf6 63. Rb8 Nxh5 64.
Rb7+ Kf6 65. Rb1 Nf4 66. Rh1 Kf5 67. Ra1 Bg5 68. Ra5+ e5 69. Ra4 Bf6 70. Ra8 g5 71. Rf8 Ne6 72. Rf7 Nd4+ 73. Kg3 e4 74. Rf8 Ne6 75.
Rf7 Nf4 76. Rf8 e3 77. Rf7 e2 78. Kf2 g4 79. Rf8 g3+ 80. Ke1 g2 0-1

[Event "GrandPrix_30.05"]
[Site "Chess.com"]
[Date "2020.05.30"]
[Round "2"]
[White "vagpat"]
[Black "A_N_D-R_E_I"]
[Result "1-0"]
[WhiteElo "2222"]
[BlackElo "2055"]
[TimeControl "600+2"]
[EndTime "8:58:08 PDT"]
[Termination "vagpat won by checkmate"]

1. e4 c5 2. Nf3 Nc6 3. d4 cxd4 4. Nxd4 Nf6 5. Nc3 e5 6. Ndb5 d6 7. Bg5 a6 8. Na3 b5 9. Bxf6 gxf6 10. Nd5 Bg7 11. Bd3 Be6 12. O-O f5 13. c4 bxc4 14. Nxc4 O-O 15. Rc1 Nd4 16. Nde3 f4 17. Nf5 Bxf5 18. exf5 d5 19. f6 Qxf6 20. Na5 e4 21. Bb1 f3 22. Re1 Qg5 23. g3 Ne2+ 24. Rxe2 fxe2 25.
Qe1 Rfc8 26. Nc6 Qf6 27. Nb4 Qxb2 28. Nc6 Qb6 29. Ne7+ Kh8 30. Nxc8 Qe6 31. Qxe2 Rxc8 32. Rd1 f5 33. Bc2 d4 34. Bb3 Qe5 35. Qxa6 Rd8 36.
Qb6 Rf8 37. Qe6 Qb8 38. Rc1 Qa8 39. Bd5 Qa3 40. Rc7 e3 41. fxe3 Qxe3+ 42. Qxe3 dxe3 43.
Kf1 Rd8 44. Bb3 Be5 45. Rc5 Re8 46. Rc4 Kg7 47. Ke2 Bd6 48. Bc2 f4 49. gxf4 Kf6 50. Rc6 Ke7 51. Rc4 h6 52. Kxe3 Kf6+ 53. Kf3 Re1 54.
Rc6 Ke7 55. Rc4 Rc1 56. h3 Rh1 57. Kg4 h5+ 58. Kxh5 Rxh3+ 59. Kg4 Rh2 60. f5 Kf6 61. a4 Rg2+ 62. Kf3 Rg3+ 63. Kf2 Ra3 64. Rc6 Ke5 65.
Ke2 Ra2 66. Kd3 Ra3+ 67. Kc4 Ra2 68. Kb5 Rb2+ 69. Ka6 Bf8 70. a5 Kd5 71. Rc8 Be7 72. Ba4 Rb4 73. Bd7 Ke5 74. Be6 Rb2 75. Rc7 Bd6 76.
Rd7 Bb4 77. Rd5+ Kf6 78. Rb5 Rb1 79. Kb6 Rb2 80. a6 Bc3 81. Rxb2 Bxb2 82. a7 Bd4+ 83. Kb7 Bxa7 84. Kxa7 Ke7 85. Kb6 Kf6 86. Kc5 Ke7 87. Kd5 Kf6 88. Kd6 Kg7 89. Ke7 Kh7 90.
f6 Kg6 91. f7 Kh7 92. f8=Q Kg6 93. Qf5+ Kg7 94. Qg4+ Kh6 95. Kf7 Kh7 96. Qh5# 1-0

[Event "GrandPrix_30.05"]
[Site "Chess.com"]
[Date "2020.05.30"]
[Round "3"]
[White "VSanduleac"]
[Black "francyIM"]
[Result "0-1"]
[WhiteElo "2238"]
[BlackElo "2595"]
[TimeControl "600+2"]
[EndTime "9:06:27 PDT"]
[Termination "francyIM won by resignation"]

1. e4 e5 2. Nf3 Nc6 3. Bc4 Bc5 4. c3 Nf6 5. d4 exd4 6. cxd4 Bb4+ 7. Bd2 Nxe4 8.
Bxb4 Nxb4 9. Bxf7+ Kxf7 10. Qb3+ d5 11. Qxb4 Rf8 12. O-O Kg8 13. Ne5 Qg5 14. Qb3 c6 15. f3 Bh3 16. Qc2 Qe3+ 17. Kh1 Qxd4 18. Nd7 Bxd7 0-1

[Event "GrandPrix_30.05"]
[Site "Chess.com"]
[Date "2020.05.30"]
[Round "3"]
[White "KacperKacprzak"]
[Black "Nuvas"]
[Result "1-0"]
[WhiteElo "2083"]
[BlackElo "2243"]
[TimeControl "600+2"]
[EndTime "9:08:30 PDT"]
[Termination "KacperKacprzak won by resignation"]

1. e4 c5 2. Nf3 d6 3. d4 cxd4 4. Nxd4 Nf6 5. Nc3 a6 6. h3 e6 7. g4 Nfd7 8. Bg2 Be7 9. Be3 Ne5 10. Qe2 g5 11. O-O-O Ng6 12. Qd2 Nd7 13. Nde2 Nde5 14. Bd4 Bd7 15. Kb1 Qc7 16. f4 gxf4 17. Nxf4 Bg5 18.
Nxe6 1-0

[Event "GrandPrix_30.05"]
[Site "Chess.com"]
[Date "2020.05.30"]
[Round "3"]
[White "Cocolino12"]
[Black "Sergey_Krivenko"]
[Result "1/2-1/2"]
[WhiteElo "2212"]
[BlackElo "2092"]
[TimeControl "600+2"]
[EndTime "9:08:58 PDT"]
[Termination "Game drawn by agreement"]

1. e4 e6 2. d4 d5 3. Nd2 Nf6 4. e5 Nfd7 5. Bd3 c5 6. c3 Nc6 7. Ne2 cxd4 8. cxd4 f6 9. exf6 Qxf6 10. Nf3 Bd6 11.
O-O O-O 12. a3 h6 13. Bc2 Rf7 14. Qd3 Nf8 15. Ng3 Rc7 16. Be3 Bd7 17. b4 Be8 18. Qd2 a6 19. Rac1 Rac8 20. Rfe1 1/2-1/2

[Event "GrandPrix_30.05"]
[Site "Chess.com"]
[Date "2020.05.30"]
[Round "3"]
[White "Lukianoo"]
[Black "tsaruk_maks"]
[Result "1-0"]
[WhiteElo "2582"]
[BlackElo "2384"]
[TimeControl "600+2"]
[EndTime "9:09:32 PDT"]
[Termination "Lukianoo won by resignation"]

1. e4 e6 2. b3 c5 3. Nf3 Nc6 4. Bb5 Nf6 5. e5 Nd5 6. O-O Be7 7. Nc3 Nxc3 8. dxc3 a6 9. Bxc6 dxc6 10. Qe2 O-O 11. Rd1 Qa5 12. Bd2 b5 13. c4 Qb6 14.
Bg5 Bxg5 15. Nxg5 h6 16. Ne4 a5 17. Rd3 bxc4 18. Rg3 Qc7 19. Nf6+ Kh8 20. Qe4 1-0

[Event "GrandPrix_30.05"]
[Site "Chess.com"]
[Date "2020.05.30"]
[Round "3"]
[White "GM_LOADING"]
[Black "esskeettit"]
[Result "1-0"]
[WhiteElo "2327"]
[BlackElo "2123"]
[TimeControl "600+2"]
[EndTime "9:09:45 PDT"]
[Termination "GM_LOADING won by resignation"]

1. e4 c5 2. Nf3 Nc6 3. d4 cxd4 4.
Nxd4 g6 5. c4 Nf6 6. Nc3 d6 7.
Be2 Nxd4 8. Qxd4 Bg7 9. Be3 O-O 10. Qd2 a5 11. O-O a4 12. Rad1 Qa5 13. Bd4 Be6 14. f4 Rfc8 15. b3 axb3 16. axb3 Qb4 17. f5 Bd7 18. Bxf6 Bxf6 19. Nd5 Qxb3 20. fxg6 hxg6 21.
Rxf6 exf6 22. Qh6 Qb6+ 23. Nxb6 1-0

[Event "GrandPrix_30.05"]
[Site "Chess.com"]
[Date "2020.05.30"]
[Round "3"]
[White "BogdanDeac"]
[Black "Tesla37"]
[Result "1/2-1/2"]
[WhiteElo "2520"]
[BlackElo "2811"]
[TimeControl "600+2"]
[EndTime "9:09:50 PDT"]
[Termination "Game drawn by agreement"]

1. Nf3 d5 2. d4 Nf6 3. c4 e6 4. Nc3 Bb4 5. Qb3 c5 6. dxc5 Na6 7. a3 Bxc3+ 8. Qxc3 Nxc5 9. cxd5 Qxd5 10. Be3 Nce4 11. Qe5 Qxe5 12. Nxe5 Nd5 13. Bc1 Nc5 14.
b4 Nb3 15. Rb1 Nxc1 16. Rxc1 Nb6 17. e4 f6 18. Nc4 Nxc4 19. Rxc4 Bd7 20. Rc7 Rb8 21.
Bd3 Kd8 1/2-1/2

[Event "GrandPrix_30.05"]
[Site "Chess.com"]
[Date "2020.05.30"]
[Round "3"]
[White "StephenDedalus83"]
[Black "Shahinyan_ChessMood"]
[Result "0-1"]
[WhiteElo "2139"]
[BlackElo "2425"]
[TimeControl "600+2"]
[EndTime "9:09:50 PDT"]
[Termination "Shahinyan_ChessMood won by resignation"]

1. e4 e6 2. d4 d5 3. Nc3 Bb4 4. e5 c5 5. a3 Bxc3+ 6. bxc3 Qc7 7. Qg4 f5 8. Qg3 Nc6 9. Nf3 Nge7 10. Qxg7 Rg8 11. Qxh7 cxd4 12. Kd1 Nxe5 13. cxd4 Nxf3 14. Qh5+ Ng6 15. Qxf3 Bd7 16. g3 Ba4 17. Ra2 O-O-O 18. Bd3 Kb8 19. h4 e5 20. dxe5 Nxe5 21. Qe2 Nxd3 22.
Qxd3 Ka8 23. Bf4 Qc6 24. Kc1 Rc8 25. Kb1 Rgd8 26. h5 d4 27. h6 Qxh1+ 0-1

[Event "GrandPrix_30.05"]
[Site "Chess.com"]
[Date "2020.05.30"]
[Round "3"]
[White "Mizner"]
[Black "AlexPapasimakopoulos"]
[Result "0-1"]
[WhiteElo "2089"]
[BlackElo "2312"]
[TimeControl "600+2"]
[EndTime "9:10:01 PDT"]
[Termination "AlexPapasimakopoulos won by resignation"]

1. d4 Nf6 2. c4 e6 3. Nc3 Bb4 4. Qc2 c5 5. dxc5 Bxc5 6. Nf3 Qb6 7. e3 Be7 8. Be2 a6 9. O-O d6 10. a3 O-O 11. b4 Qc7 12. Bb2 Nbd7 13. Nd4 b6 14.
Bf3 Bb7 15. Bxb7 Qxb7 16. Rac1 Rac8 17. Qe2 Ne5 18. Nb1 Rc7 19. h3 Rfc8 20. Nd2 Ne4 21.
Nxe4 Qxe4 22. c5 bxc5 23. bxc5 dxc5 24. Qxa6 cxd4 25. Qxc8+ Rxc8 26. Rxc8+ Bf8 27. Bxd4 Ng6 28. Rfc1 h5 29. Rb8 Kh7 0-1

[Event "GrandPrix_30.05"]
[Site "Chess.com"]
[Date "2020.05.30"]
[Round "3"]
[White "RaphaeI"]
[Black "Thor736"]
[Result "0-1"]
[WhiteElo "2209"]
[BlackElo "2108"]
[TimeControl "600+2"]
[EndTime "9:11:04 PDT"]
[Termination "Thor736 won by resignation"]

1. d4 Nf6 2. Nf3 b6 3. c4 Bb7 4. g3 g6 5. Bg2 Bg7 6. O-O O-O 7. Bf4 c5 8. d5 b5 9. Nc3 bxc4 10. e4 d6 11. Nd2 Nbd7 12. Re1 Nb6 13. Bf1 Nfd7 14. Nxc4 Nxc4 15. Bxc4 Rb8 16. Rc1 Ne5 17. Bf1 Qa5 18. Bd2 Ba6 19. b3 Bxf1 20. Rxf1 c4 21. Na4 Qxd2 0-1

[Event "GrandPrix_30.05"]
[Site "Chess.com"]
[Date "2020.05.30"]
[Round "3"]
[White "swisspower96"]
[Black "ftorodent"]
[Result "1-0"]
[WhiteElo "2367"]
[BlackElo "2119"]
[TimeControl "600+2"]
[EndTime "9:11:58 PDT"]
[Termination "swisspower96 won by resignation"]

1. d4 d5 2. c4 e6 3. Nf3 Nf6 4.
g3 Be7 5. Bg2 O-O 6. O-O c6 7. Qc2 b6 8. Nbd2 Bb7 9. e4 Nbd7 10. e5 Ne8 11. cxd5 cxd5 12. Re1 Rc8 13. Qd1 Qc7 14. Nb1 b5 15. Bf1 b4 16. Bd3 Qb6 17. Bg5 Qd8 18. h4 Nc7 19. Nbd2 h6 20. Bxe7 Qxe7 21. Qa4 Ra8 22. Rac1 Rfc8 23. Qa5 Nb6 24. Rc5 Nc4 25. Qxb4 Na6 26. Rxc8+ 1-0

[Event "GrandPrix_30.05"]
[Site "Chess.com"]
[Date "2020.05.30"]
[Round "3"]
[White "dzhumagaliev"]
[Black "Margency"]
[Result "1-0"]
[WhiteElo "2174"]
[BlackElo "2159"]
[TimeControl "600+2"]
[EndTime "9:12:27 PDT"]
[Termination "dzhumagaliev won by resignation"]

1. Nf3 d5 2. h4 c5 3. h5 h6 4. c3 Nf6 5. d4 Bg4 6. Ne5 Bf5 7. Qb3 Qc7 8. Bf4 Qb6 9. dxc5 Qxb3 10. axb3 Nc6 11.
Nxc6 bxc6 12. b4 Nd7 13. Bc7 e5 14. Nd2 Be7 15. e4 dxe4 16. Ba6 O-O 17. Bb7 Rac8 18. Bxc8 Rxc8 19. Rxa7 Bg5 20. Nc4 Be6 21. Nb6 Re8 22.
Nxd7 Bxd7 23. Bxe5 Bg4 24. Bd4 Re6 25. c4 e3 26.
fxe3 Bxe3 27. Bxe3 Rxe3+ 28. Kf2 Rb3 29. b5 cxb5 30. c6 bxc4 31. Rb7 Rd3 32. Rb8+ Kh7 33. c7 c3 34. c8=Q Bxc8 35. Rxc8 cxb2 36. Rc2 Rb3 37. Rb1 Rb5 38. g4 1-0

[Event "GrandPrix_30.05"]
[Site "Chess.com"]
[Date "2020.05.30"]
[Round "3"]
[White "Kildepiotr"]
[Black "TheJoker64"]
[Result "0-1"]
[WhiteElo "2007"]
[BlackElo "2203"]
[TimeControl "600+2"]
[EndTime "9:12:51 PDT"]
[Termination "TheJoker64 won by resignation"]

1. Nf3 c5 2. g3 Nc6 3. Bg2 e5 4. O-O Nf6 5. d3 g6 6. e4 Bg7 7.
Nh4 O-O 8. c3 d5 9. Nd2 d4 10.
c4 a6 11. f4 exf4 12. gxf4 Ng4 13. Ndf3 Ne3 14. Bxe3 dxe3 15. Rb1 Nb4 16. Qe2 Qxd3 17. Rfe1 Qxe2 18. Rxe2 Nd3 19. f5 Bh6 20. Bf1 Nf4 21. Ree1 Re8 22. fxg6 hxg6 23. e5 g5 24. Ng2 Nh3+ 25.
Kh1 g4 26. Nxe3 gxf3 27. Nd5 Nf2+ 28. Kg1 Ng4 29. Re4 f5 0-1

[Event "GrandPrix_30.05"]
[Site "Chess.com"]
[Date "2020.05.30"]
[Round "3"]
[White "SantoBlue"]
[Black "Karateloru"]
[Result "1-0"]
[WhiteElo "2496"]
[BlackElo "2175"]
[TimeControl "600+2"]
[EndTime "9:13:05 PDT"]
[Termination "SantoBlue won by resignation"]

1. Nf3 Nf6 2. g3 e6 3. Bg2 d5 4. O-O c5 5. c4 Nc6 6. cxd5 exd5 7. d4 Be6 8. Nc3 Be7 9. Bg5 cxd4 10. Nxd4 O-O 11.
Nxe6 fxe6 12. e4 Nxe4 13. Nxe4 Bxg5 14. Nc5 Re8 15. Re1 Qb6 16. Nxe6 Bf6 17. Qxd5 Kh8 18. Qh5 Qa5 19. Qxa5 Nxa5 20. Nc7 Rxe1+ 21. Rxe1 Rc8 22. b4 Bc3 23. Re4 Bxb4 24. Bh3 1-0

[Event "GrandPrix_30.05"]
[Site "Chess.com"]
[Date "2020.05.30"]
[Round "3"]
[White "ninullia"]
[Black "matej2221"]
[Result "1-0"]
[WhiteElo "2309"]
[BlackElo "2095"]
[TimeControl "600+2"]
[EndTime "9:13:52 PDT"]
[Termination "ninullia won by resignation"]

1. d4 Nf6 2. c4 e6 3. Nf3 b6 4. g3 Bb7 5. Bg2 d5 6. O-O Bd6 7. cxd5 exd5 8. Nc3 O-O 9. Ne5 Nbd7 10.
Bf4 Qe7 11. Nxd7 Qxd7 12. Bxd6 Qxd6 13. Rc1 a6 14. Qc2 Rfe8 15. e3 Re7 16. a3 Qe6 17.
Ne2 g5 18. Qb3 Rd8 19. Rc2 Ne8 20. Rfc1 Rdd7 21. a4 Nd6 22. Nc3 Ne8 23. a5 b5 24.
Na2 Nd6 25. Nb4 Nc4 26. Qa2 c5 27. Nd3 cxd4 28. Nc5 Qf6 29. Nxd7 Rxd7 30. exd4 Qxd4 31. b3 Ne5 32. Qa1 Qxa1 33. Rxa1 Nc6 34. Rd2 Nb4 35. Rc1 Kf8 36. Rd4 Na2 37. Rc2 1-0

[Event "GrandPrix_30.05"]
[Site "Chess.com"]
[Date "2020.05.30"]
[Round "3"]
[White "viktorskliarov"]
[Black "ly4o"]
[Result "1-0"]
[WhiteElo "2232"]
[BlackElo "2027"]
[TimeControl "600+2"]
[EndTime "9:14:18 PDT"]
[Termination "viktorskliarov won by resignation"]

1. e4 c5 2. Nf3 Nc6 3. Bb5 g6 4.
O-O Bg7 5. Re1 e5 6. Bxc6 dxc6 7.
d3 Nh6 8. Be3 b6 9. h3 f6 10. a3 O-O 11. b4 cxb4 12. axb4 Be6 13. Nc3 Qd6 14. Ra4 Nf7 15. Qa1 b5 16. Bc5 Qd7 17. Bxf8 bxa4 18. Bxg7 Kxg7 19. Nxa4 Qd6 20. Nc5 Bc8 21. Qa5 Nd8 22. Nd2 Ne6 23. Nc4 Qe7 24.
Ra1 Nf4 25. Nb6 axb6 26. Qxa8 bxc5 27. Qxc8 cxb4 28. Qxc6 Kh6 29. Qb6 Qf8 30. Ra7 Ne2+ 31. Kh2 Nd4 32. Qc7 Qh8 33. Qb7 Nxc2 34. Ra2 Nd4 35.
Qxb4 Qc8 36. Qe7 Qh8 37. Ra6 Kg5 38. Rxf6 1-0

[Event "GrandPrix_30.05"]
[Site "Chess.com"]
[Date "2020.05.30"]
[Round "3"]
[White "kostasam18"]
[Black "Artur0208"]
[Result "1-0"]
[WhiteElo "2103"]
[BlackElo "2253"]
[TimeControl "600+2"]
[EndTime "9:14:19 PDT"]
[Termination "kostasam18 won by resignation"]

1. e4 e5 2. Nf3 Nc6 3. Nc3 Nf6 4. d4 exd4 5. Nxd4 Bb4 6. Nxc6 bxc6 7. Bd3 d5 8. exd5 O-O 9. O-O cxd5 10. h3 c6 11. Qf3 Rb8 12. Bf4 Bd6 13. b3 Be6 14. Bxd6 Qxd6 15. Qg3 Qb4 16. Ne2 Rfe8 17. Nf4 Bd7 18. c3 Qd6 19. Nh5 Qxg3 20. Nxf6+ gxf6 21. fxg3 Re3 22. Rf3 Rbe8 23. Kf2 Rxf3+ 24. Kxf3 c5 25. b4 cxb4 26. cxb4 d4 27. Kf2 Re3 28. Rd1 Be6 29. a3 h6 30. Rd2 Kf8 31. a4 Bd7 32. a5 Bc6 33. b5 Bd5 34. Be2 Re4 35. b6 axb6 36.
axb6 Bc6 37. Bf3 Re6 38. b7 Bxb7 39. Bxb7 Rb6 40. Be4 Rb4 41. Bd5 Ke7 42. g4 Ra4 43.
Kf3 Kd6 44. Bxf7 Kc5 45. Ke4 Rb4 46. Rc2+ Kd6 47. Rc4 Rb7 48. Rxd4+ 1-0

[Event "GrandPrix_30.05"]
[Site "Chess.com"]
[Date "2020.05.30"]
[Round "3"]
[White "am00ss00"]
[Black "Grebnev_A"]
[Result "0-1"]
[WhiteElo "2040"]
[BlackElo "2194"]
[TimeControl "600+2"]
[EndTime "9:14:34 PDT"]
[Termination "Grebnev_A won by resignation"]

1. e4 e6 2. d4 d5 3. exd5 exd5 4. Bd3 Nf6 5. h3 c5 6. c3 Nc6 7. Nf3 Bd6 8. dxc5 Bxc5 9. O-O O-O 10. Bg5 h6 11. Bh4 g5 12. Nxg5 hxg5 13. Bxg5 Be7 14. Bxf6 Bxf6 15. Qh5 Re8 16. Nd2 Be6 17. Rfe1 Bg7 18.
Nf3 Qf6 19. Re3 Qh6 20. Qxh6 Bxh6 21. Re2 Bd7 22. Rd1 Rxe2 23. Bxe2 Be6 24. g4 Rd8 25. Kg2 Bg7 26. Bb5 a6 27. Ba4 b5 28. Bc2 d4 29.
cxd4 Bxa2 30. Be4 Bd5 31. Bxd5 Rxd5 32. Rc1 Nxd4 33. Nh4 Bf6 34. Kg3 Ne2+ 0-1

[Event "GrandPrix_30.05"]
[Site "Chess.com"]
[Date "2020.05.30"]
[Round "3"]
[White "fm_magua"]
[Black "haddinibilbaoo"]
[Result "1-0"]
[WhiteElo "1883"]
[BlackElo "2107"]
[TimeControl "600+2"]
[EndTime "9:14:40 PDT"]
[Termination "fm_magua won by resignation"]

1. e4 c5 2. Nf3 Nc6 3. d4 cxd4 4. Nxd4 e5 5. Nb5 d6 6. N1c3 a6 7. Na3 b5 8. Nd5 Nge7 9. Bg5 h6 10. Bh4 Qa5+ 11. c3 Nxd5 12. exd5 Ne7 13. Be2 Nf5 14. Bg3 Be7 15. O-O O-O 16. Nc2 Qb6 17. a4 Nxg3 18. hxg3 Bd7 19. axb5 axb5 20. Nb4 f5 21. Qd3 e4 22. Qe3 Qxe3 23. fxe3 Ra4 24. Nc6 Bg5 25. Kf2 Rfa8 26. Rxa4 bxa4 27. Ra1 Bf6 28. Bb5 a3 29. Rxa3 Rxa3 30. bxa3 Bxc6 31. dxc6 Bd8 32. Bc4+ Kf8 33.
Be6 g6 34. g4 fxg4 35. Bxg4 Ke7 36. c4 Kf6 37. Bd7 Ke5 38. Be8 g5 39. Bf7 Kf6 40.
Bd5 h5 41. Bxe4 g4 42. g3 Ke5 43. Bg6 h4 44. gxh4 Bxh4+ 45. Kg2 Bd8 46. Kg3 d5 47. cxd5 Kxd5 48. Kxg4 Kxc6 49. Kf5 Kb5 50. Be8+ Kc5 51.
e4 Kd6 52. e5+ Ke7 53. Bb5 Ba5 54. Ke4 Bc3 55. Kd5 Ba5 56. a4 Bc7 57. e6 Ba5 58. Bc4 Be1 59. Kc6 Kd8 60. Kb5 Kc7 61. a5 Bh4 62. a6 Kb8 63. Kc6 Ka7 64. Kd7 1-0

[Event "GrandPrix_30.05"]
[Site "Chess.com"]
[Date "2020.05.30"]
[Round "3"]
[White "MirMan90"]
[Black "Spartakus1975"]
[Result "0-1"]
[WhiteElo "2179"]
[BlackElo "2552"]
[TimeControl "600+2"]
[EndTime "9:15:23 PDT"]
[Termination "Spartakus1975 won by resignation"]

1. e4 e6 2. d4 d5 3. Nd2 c5 4. exd5 exd5 5. Ngf3 Nc6 6. Bb5 cxd4 7. O-O Bd6 8. Nb3 Ne7 9. Nbxd4 O-O 10. Bd3 Ng6 11. c3 a6 12. Re1 Qc7 13. h3 Bd7 14. Bd2 Rad8 15. Qc2 Rfe8 16. Rad1 Bc8 17. Bg5 Rxe1+ 18. Rxe1 Rf8 19. Qb3 Nge5 20. Nxe5 Nxe5 21. Bb1 Nc4 22.
Qc2 g6 23. Qe2 Bh2+ 24. Kh1 Bf4 25. Bf6 Qb6 26. Be7 Re8 27. b3 Bd6 28. bxc4 Rxe7 29. Qf1 dxc4 30. Rxe7 Bxe7 31. Be4 Qc5 32. a4 Bf6 33.
Qd1 Kg7 34. Qd2 b5 35. axb5 axb5 36. Nc6 Bb7 37. Qd7 Bxc6 38. Bxc6 Qxf2 0-1